 Dungeon Crawl Stone Soup version 0.30-a0-6-g7c9e10e132 (webtiles) character file.

Game seed: 11832885749419244654

240 Setbun the Magician (level 6, -3/46 HPs)
             Began as a Djinni Cinder Acolyte on Aug 22, 2022.
             Was a High Priest of Ignis.
             Slain by an iron imp (10 damage)
             ... summoned by Natasha
             ... on level 3 of the Dungeon.
             The game lasted 00:02:55 (3672 turns).

Setbun the Magician (Djinni Cinder Acolyte)         Turns: 3672, Time: 00:02:55

Health: -3/46      AC:  3    Str: 13    XL:     6   Next: 29%
Gold:   167        EV: 11    Int: 18    God:    Ignis [*****.] SH:  0 Dex:  8

rFire   + + +      SeeInvis .    a - -1 falchion (flame)
rCold   x . .      Faith    .    (no shield)
rNeg    . . .      Spirit   .    b - +0 robe
rPois   ∞          Reflect  .    (no helmet)
rElec   .          Harm     .    (no cloak)
rCorr   .          Rampage  .    p - +0 pair of gloves
Will    .....                    (boots unavailable)
Stlth   +.........               (no amulet)
HPRegen 0.15/turn                e - +4 ring of slaying
MPRegen 0.00/turn                (no ring)

@: flying
A: sickness immunity, fire resistance 2, cold vulnerability 1, float, innate
caster, HP casting, extra vitality 1
a: Renounce Religion, Fiery Armour, Foxfire Swarm, Rising Flame


You were on level 3 of the Dungeon.
You worshipped Ignis.
Ignis was extremely pleased with you.
You visited 1 branch of the dungeon, and saw 3 of its levels.

You collected 167 gold pieces.

Inventory:

Hand Weapons
 a - a -1 falchion of flaming (weapon)
Armour
 b - a +0 robe (worn)
 p - a +0 pair of gloves (worn)
Jewellery
 e - a +4 ring of slaying (left hand)
 s - a ring of resist corrosion
 t - a ring of ice
Wands
 r - a wand of flame (49)
Scrolls
 d - a scroll of brand weapon {unknown}
 h - a scroll of teleportation {unknown}
 i - a scroll of silence {unknown}
 j - a scroll of enchant armour {unknown}
 k - a scroll of identify {unknown}
 n - 3 scrolls of vulnerability {unknown}
 o - a scroll of magic mapping {unknown}
Potions
 c - 3 potions of heal wounds
 g - a potion of cancellation {unknown}
 l - a potion of degeneration {unknown}
 m - 3 potions of haste {unknown}
 q - 2 potions of lignification {unknown}


   Skills:
 - Level 3.0 Fighting
 - Level 2.6 Long Blades
 * Level 5.1 Spellcasting


You had 10 spell levels left.
You knew the following spells:

 Your Spells              Type           Power      Damage    Failure   Level
a - Scorch                Fire           46%        2d7       2%          2
b - Freeze                Ice            92%        1d10      1%          1
c - Ensorcelled Hibernat  Hex/Ice        46%        N/A       2%          2
Your spell library was empty.

Dungeon Overview and Level Annotations

Branches:
Dungeon (3/15)

Altars:
Ashenzari
Ru
Yredelemnul

Shops:
D:1 (!:::

Annotations:
D:3 3 runed translucent doors, Natasha; Stellion's ghost, amateur DECj


Innate Abilities, Weirdness & Mutations

You are immune to sickness and miasma.
You are immune to poison.
Your flesh is very heat resistant. (rF++)
You are vulnerable to cold. (rC-)
You float through the air rather than walking.
You learn spells naturally, not from books.
Your magical power is your life essence.
You have superior vitality. (+4 MHP)


Message History

Your transformation is almost over.
Natasha barely misses you. Natasha attacks as you move away! Natasha claws you.
* * * LOW HITPOINT WARNING * * *
Natasha closely misses you. Natasha attacks as you move away!
Natasha claws you.
* * * LOW HITPOINT WARNING * * *
Things that are here:
a +0 flail; a +0 ring mail Natasha attacks as you move away!
Natasha misses you. Natasha claws you.
* * * LOW HITPOINT WARNING * * *
You feel better. Natasha barely misses you.
It was a potion of heal wounds.
You feel much better.
You feel less porcine.
Your -1 falchion of flaming unmelds from your body.
Your +0 pair of gloves unmelds from your body.
Your +0 robe unmelds from your body.
Your +4 ring of slaying unmelds from your body.
Your -1 falchion of flaming bursts into flame!
Natasha claws you.
Natasha wildly gestures.
Natasha shimmers violently.
Natasha casts a spell.
Flames lash the iron imp but do no damage.
You feel yourself speed up. Natasha casts a spell at you.
The magic dart hits you!
The iron imp picks up a beetle and eats it.
You are too injured to fight recklessly!
You are too injured to fight recklessly!
You are too injured to fight recklessly!
Casting: Scorch (safe; 2% risk of failure)
Press: ? - help, Q - select action, (/) - cycle Dir - look around, f - activate Flames lash Natasha.
Natasha is almost dead.
Natasha's fire resistance burns away.
Natasha claws you!
* * * LOW HITPOINT WARNING * * *
The iron imp hits you!
You die...

######## #.......
##########################.......
.................................
.#############..@5....)).#.......
.# #..h........###....# ##
#..)........# #...[# #
#...........# #....#
#...........# #....#
#..)).......# #....#
#...........# #....#
#...........# #....# .
#...........# #....#


You could see an iron imp (summoned) and Natasha (combustible).

Vanquished Creatures
  A jelly (D:3)
  Jessica (D:3)
  Terence (D:3)
  Natasha (twice) (D:3)
  An adder (D:3)
  4 gnolls (D:2)
  A worm (D:2)
  3 dart slugs (D:2)
  3 bats
  7 endoplasms
  2 giant cockroaches
  5 goblins
  6 hobgoblins
  3 quokkas
  4 ball pythons
  6 frilled lizards
  4 kobolds
  5 rats
59 creatures vanquished.

Vanquished Creatures (others)
  A fungus (D:3)
  8 plants (D:3)
9 creatures vanquished.

Grand Total: 68 creatures vanquished

Notes
Turn   | Place    | Note
-------+----------+-------------------------------------------
     0 | D:1      | Setbun the Djinni Cinder Acolyte began the quest for the
                  | Orb.
     0 | D:1      | Setbun set off with the following spells memorised: Scorch.
     0 | D:1      | Reached XP level 1. HP: 20/20 MP: 0/0
    13 | D:1      | Found Ellacse's Distillery.
   209 | D:1      | Found Gorhot's Book Shoppe.
   415 | D:1      | Reached XP level 2. HP: 16/25 MP: 0/0
   566 | D:1      | Found Ukashrich's Book Shop.
   688 | D:1      | Found Ivophad's Book Boutique.
   807 | D:1      | Reached skill level 3 in Spellcasting
  1004 | D:1      | Found Vyestriell's Antique Weapon Boutique.
  1426 | D:2      | Reached XP level 3. HP: 24/30 MP: 0/0
  1426 | D:2      | Learned a level 1 spell: Freeze
  1729 | D:2      | Reached XP level 4. HP: 22/35 MP: 0/0
  2201 | D:2      | Found a basalt altar of Yredelemnul.
  2286 | D:2      | Reached skill level 4 in Spellcasting
  2664 | D:2      | Found a faded altar of an unknown god.
  2854 | D:3      | Found a runed translucent gate.
  2855 | D:3      | Found a runed translucent gate.
  2856 | D:3      | Found a runed translucent gate.
  2858 | D:3      | Noticed Stellion's ghost (amateur DECj)
  2894 | D:3      | Found a broken altar of Ashenzari.
  2894 | D:3      | Noticed Jessica
  2899 | D:3      | Killed Jessica
  2900 | D:3      | Reached XP level 5. HP: 33/40 MP: 0/0
  2900 | D:3      | Learned a level 2 spell: Ensorcelled Hibernation
  3204 | D:3      | Noticed Terence
  3210 | D:3      | Noticed Natasha
  3211 | D:3      | Killed Terence
  3215 | D:3      | Killed Natasha
  3459 | D:3      | Reached XP level 6. HP: 42/46 MP: 0/0
  3531 | D:3      | Noticed Natasha
  3534 | D:3      | Killed Natasha
  3535 | D:3      | Reached skill level 5 in Spellcasting
  3582 | D:3      | Found a sacrificial altar of Ru.
  3646 | D:3      | Noticed Natasha
  3668 | D:3      | HP: 1/46 [Natasha (6)]
  3672 | D:3      | Slain by an iron imp

Illustrated notes

Levels and vault maps discovered:
D:1:      wander_arrival_peaceful_grave, layout_loops_corners, serial_shops,
          shop, shop, nicolae_shop_statue_plus, nicolae_shop_trees,
          nicolae_diamond_shop, due_unseen_surprise
D:2:      layout_rooms, basic_altar, shapermc_ecumenical_altar_flowoftime
D:3:      layout_basic, old_standard_altar, nicolae_ru_the_path_less_chosen,
          gammafunk_ghost_necromancy, uniq_terence, uniq_jessica, uniq_natasha

Skill      XL: |  1  2  3  4  5  6 |
---------------+-------------------+-----
Spellcasting   | 3 4 5 |  5.1
Fighting       | |  3.0
Long Blades    | |  2.6

Action                   |  1- 3 |  4- 6 || total
-------------------------+-------+-------++-------
Melee: Falchion          |    15 |       ||    15
       Unarmed           |       |     5 ||     5
 Cast: Scorch            |    31 |    47 ||    78
  Use: Potion            |       |     2 ||     2
Armor: Robe              |     4 |     1 ||     5
Dodge: Dodged            |    15 |    16 ||    31

Table legend: (Time is in decaauts)
 A = Elapsed time spent in this place.
 B = Non-inter-level travel time spent in this place.
 C = Inter-level travel time spent in this place.
 D = Time resting spent in this place.
 E = Time spent auto-exploring this place.
 F = Levels seen in this place.
 G = Mean time per level.
                   A        B        C        D        E       F      G
               +--------+--------+--------+--------+--------+-----+--------+
         Total |   3681 |   3615 |     66 |    585 |   2716 |   3 | 1227.0 |
       Dungeon |   3681 |   3615 |     66 |    585 |   2716 |   3 | 1227.0 |
               +--------+--------+--------+--------+--------+-----+--------+

Top non-repeatable levels by time:
     D:1: 2017 daAuts
     D:3: 951 daAuts
     D:2: 712 daAuts
